AoeStats
← blackbean

Black Forest

509882374Analyzed
2v2 RM · 5d ago on Sep 28, 2026· 66m 24s· 4 players
Game mode
Random Map
Map size
Medium (4 player)
Population
200
Speed
Normal
Resources
Standard
Victory
Conquest
Starting age
Dark Age
Ending age
Imperial Age
RankedLock teamsTeams togetherTeam positionsShared explorationLock speedFull tech treeHidden civsTurbo modeCheats
Victory
Defeat
🇹🇷 Persians · Türkiye
960
+13
🇹🇷 Mongols · Türkiye
844
+17
🇰🇷 Mongols · South Korea
886
-15
🇰🇷 Chinese · South Korea
880
-15
blackbean
1:20 Loom
13:36 Feudal Age
15:31 Wheelbarrow
14:45 Double-Bit Axe
14:45 Horse Collar
21:56 Castle Age
20:30 Gold Mining
21:56 Stone Mining
23:27 Heavy Plow
23:52 Hand Cart
26:31 Heavy Plow
27:13 Gold Shaft Mining
27:13 Stone Shaft Mining
27:23 Stone Shaft Mining
27:43 Bow Saw
28:51 Crossbowman
34:45 Imperial Age
33:42 Thumb Ring
34:41 Fletching
34:51 Padded Archer Armor
34:25 Pikeman
35:06 Squires
35:30 Ballistics
35:52 Conscription
35:51 Arbalester
37:38 Chemistry
37:05 Husbandry
36:30 Light Cavalry
37:50 Elite Skirmisher
39:39 Two-Man Saw
40:07 Bloodlines
40:06 Bodkin Arrow
40:27 Leather Archer Armor
40:22 Forging
40:17 Scale Barding Armor
40:13 Scale Mail Armor
41:11 Bracer
43:19 Ring Archer Armor
42:13 Cavalier
45:11 Elite Fire Lancer
45:12 Halberdier
46:29 Chain Mail Armor
46:50 Iron Casting
46:37 Chain Barding Armor
55:48 Murder Holes
64:28 Heavy Rocket Cart
씨이불련들
0:59 Loom
11:15 Feudal Age
11:45 Horse Collar
12:35 Double-Bit Axe
17:54 Castle Age
16:31 Wheelbarrow
18:37 Gold Mining
18:38 Stone Mining
19:04 Bow Saw
22:26 Stone Mining
22:38 Heavy Plow
29:57 Imperial Age
27:43 Hand Cart
28:01 Nomads
28:16 Forging
28:11 Scale Barding Armor
30:33 Squires
31:46 Conscription
31:51 Bloodlines
31:41 Husbandry
31:02 Light Cavalry
31:03 Heavy Camel Rider
32:23 Iron Casting
32:08 Chain Barding Armor
31:50 Scale Mail Armor
32:23 Elite Steppe Lancer
34:06 Gold Shaft Mining
33:37 Hussar
35:21 Blast Furnace
36:18 Drill
39:53 Fletching
39:55 Onager
44:21 Siege Onager
55:23 Town Watch
Dirty Harry
0:34 Loom
14:58 Feudal Age
15:55 Double-Bit Axe
16:05 Gold Mining
20:25 Castle Age
19:11 Padded Archer Armor
19:03 Fletching
19:26 Horse Collar
20:05 Stone Mining
26:48 Bow Saw
27:51 Ballistics
28:13 Fortified Wall
29:41 Wheelbarrow
34:14 Imperial Age
31:48 Murder Holes
32:50 Hand Cart
32:21 Town Watch
34:06 Leather Archer Armor
33:47 Bodkin Arrow
34:39 Nomads
37:58 Chemistry
37:54 Conscription
38:12 Hoardings
40:16 Pikeman
40:57 Squires
41:41 Elite Steppe Lancer
43:53 Masonry
44:30 Elite Mangudai
45:38 Bloodlines
45:29 Husbandry
48:15 Siege Engineers
49:00 Drill
57:12 Gold Shaft Mining
62:38 Heavy Plow
63:13 Caravan
Morias1stt
0:31 Loom
12:51 Feudal Age
16:03 Double-Bit Axe
18:20 Castle Age
17:40 Stone Mining
20:31 Horse Collar
27:53 Gold Mining
28:46 Wheelbarrow
32:10 Imperial Age
30:12 Hand Cart
29:47 Town Watch
30:30 Kamandaran
30:54 Forging
30:27 Light Cavalry
31:22 Bloodlines
30:47 Crossbowman
32:01 Thumb Ring
32:00 Husbandry
32:48 Bow Saw
32:13 Elite Skirmisher
34:52 Chemistry
33:20 Elite War Elephant
33:49 Hussar
34:43 Padded Archer Armor
34:34 Fletching
34:51 Scale Barding Armor
35:40 Caravan
37:15 Leather Archer Armor
36:56 Bodkin Arrow
37:37 Iron Casting
37:23 Chain Barding Armor
36:53 Pikeman
40:03 Ballistics
39:39 Murder Holes
39:55 Masonry
39:50 Heavy Plow
40:53 Devotion
52:45 Plate Barding Armor
52:41 Ring Archer Armor
53:11 Blast Furnace
56:51 Squires
56:53 Scale Mail Armor
58:07 Halberdier
Connection lost

Rejoining the realm…

Still unreachable

The connection could not be restored.

Session expired

The server has moved on; the page needs a fresh start.